 Dungeon Crawl Stone Soup version 0.19.1 (webtiles) character file.

151 CanadianGator the Purveyor of Pain (level 5, -3/29 HPs)
             Began as a Kobold Necromancer on Dec 15, 2016.
             Was an Initiate of Kikubaaqudgha.
             Slain by a scorpion (9 damage)
             ... on level 4 of the Dungeon on Dec 16, 2016.
             The game lasted 00:16:17 (4187 turns).

CanadianGator the Purveyor of Pain (KoNe)           Turns: 4187, Time: 00:16:18

Health: -3/29      AC:  3    Str:  6    XL:     5   Next: 59%
Magic:  9/9        EV: 16    Int: 17    God:    Kikubaaqudgha [......]
Gold:   164        SH:  0    Dex: 15    Spells: 2 memorised, 7 levels left

rFire  . . .     SeeInvis .     g - +0 dagger
rCold  . . .     Gourm    .     a - +0 robe
rNeg   . . .     Faith    .     (shield restricted)
rPois  .         Spirit   .     (no helmet)
rElec  .         Reflect  .     (no cloak)
rCorr  .         Harm     .     (no gloves)
MR     .....                    f - +0 pair of boots
Stlth  +++.......               (no amulet)
                                (no ring)
                                (no ring)

@: no status effects
A: carnivore 3
a: Renounce Religion


You were on level 4 of the Dungeon.
You worshipped Kikubaaqudgha.
Kikubaaqudgha was noncommittal.
You were completely stuffed.

You visited 1 branch of the dungeon, and saw 4 of its levels.

You collected 164 gold pieces.

Inventory:

Hand Weapons
 g - a +0 dagger (weapon)
Armour
 a - a +0 robe (worn)
 f - a +0 pair of boots (worn)
Scrolls
 d - a scroll of enchant weapon {unknown}
 k - a scroll of remove curse
 l - a scroll of teleportation
 m - a scroll of immolation {unknown}
 n - a scroll of recharging {unknown}
 o - a scroll of enchant armour {unknown}
 p - a scroll of fog {unknown}
 q - a scroll of fear {unknown}
Potions
 e - a potion of flight
 h - a potion of curing
 i - a potion of invisibility
Books
 b - a book of Necromancy

   Spells                             Type                      Level
   a - Pain                           Necromancy                   1
   b - Animate Skeleton               Necromancy                   1
   c - Vampiric Draining              Necromancy                   3
   d - Regeneration                   Charms/Necromancy            3
   e - Animate Dead                   Necromancy                   4
   f - Control Undead                 Necromancy                   4
Comestibles
 c - a meat ration
 j - 2 chunks of flesh


   Skills:
 + Level 1.2 Fighting
 * Level 2.3 Short Blades
 * Level 3.7 Dodging
 * Level 4.2 Stealth
 + Level 2.7 Spellcasting
 * Level 4.4 Necromancy


You had 7 spell levels left.
You knew the following spells:

 Your Spells              Type           Power        Failure   Level  Hunger
a - Pain                  Necr           ###.         2%          1    #......
b - Animate Skeleton      Necr           N/A          2%          1    #......


Dungeon Overview and Level Annotations

Branches:
Dungeon (4/15)
 Temple: D:4-7

Altars:
Gozag
Kikubaaqudgha


Innate Abilities, Weirdness & Mutations

You are small and have problems with some larger weapons.
You are carnivorous and can eat meat at any time.


Message History

You feel sick.
Your jackal skeleton bites the bullfrog skeleton.
The bullfrog skeleton hits your jackal skeleton.
The scorpion stings your jackal skeleton.
Your jackal skeleton is destroyed!
You feel sick.
You feel sick.
* * * LOW HITPOINT WARNING * * *
You feel sick. The bullfrog skeleton misses you.
* * * LOW HITPOINT WARNING * * *
You feel sick.
You barely miss the bullfrog skeleton.
The bullfrog skeleton is almost destroyed.
* * * LOW HITPOINT WARNING * * *
You feel sick. The bullfrog skeleton misses you.
You feel better. The bullfrog skeleton hits you.
* * * LOW HITPOINT WARNING * * *
The scorpion stings you!
You die...
Kikubaaqudgha rasps: "You have failed me!
Welcome... death!"

####..######..####..
#.........## .
#.######...### .
#.#####..#...#)#
#######.#.....####.#.##
#.......#.#######......
#.........######.....##
#.................#.###
#.....@#..###....<....!
#....sZ#s..##....#.....
#......#.#.......#.....
#.......<###.....#.....
#####...## ##...###....
#.... #.......###
#.##.. #....## #. ##.
#.>..# #. .##.....#


You could see a scorpion and a bullfrog skeleton.

Vanquished Creatures
  An orc priest (D:3)
  A worker ant (D:4)
  3 adders
  An ooze (D:2)
  2 worms
  A dart slug (D:2)
  2 leopard geckos (D:2)
  4 orcs (D:3)
  2 giant cockroaches
  5 goblins
  9 hobgoblins
  2 jackals (D:4)
  2 quokkas
  A ball python (D:3)
  4 bats
  3 frilled lizards
  6 kobolds
  6 rats
55 creatures vanquished.

Vanquished Creatures (collateral kills)
  2 worms
  A giant cockroach (D:3)
  A kobold (D:2)
4 creatures vanquished.

Grand Total: 59 creatures vanquished

Notes
Turn   | Place    | Note
-------+----------+-------------------------------------------
     0 | D:1      | CanadianGator the Kobold Necromancer began the quest for the Orb.
     0 | D:1      | Reached XP level 1. HP: 10/10 MP: 3/3
   308 | D:1      | Learned a level 1 spell: Animate Skeleton
   594 | D:1      | Reached XP level 2. HP: 7/15 MP: 3/5
  1038 | D:1      | You fall through a shaft!
  1324 | D:2      | Found a faded altar of an unknown god.
  1456 | D:2      | Reached XP level 3. HP: 17/20 MP: 3/6
  1808 | D:2      | Reached skill level 1 in Short Blades
  2296 | D:2      | Reached XP level 4. HP: 20/24 MP: 4/7
  2490 | D:2      | Found a faded altar of an unknown god.
  2490 | D:2      | Found an opulent altar of Gozag.
  2495 | D:2      | Found a faded altar of an unknown god.
  2497 | D:2      | Found a faded altar of an unknown god.
  2499 | D:2      | Found a faded altar of an unknown god.
  2733 | D:3      | Reached skill level 1 in Fighting
  3142 | D:3      | Found an ancient bone altar of Kikubaaqudgha.
  3152 | D:3      | Became a worshipper of Kikubaaqudgha
  3312 | D:3      | Reached XP level 5. HP: 28/29 MP: 6/9
  4187 | D:4      | Slain by a scorpion

Skill      XL: |  1  2  3  4  5 |
---------------+----------------+-----
Short Blades   | 1 2 |  2.3
Stealth        | 3 4 |  4.2
Dodging        | 3 |  3.7
Fighting       | 1 |  1.2
Spellcasting   | |  2.7
Necromancy     | |  4.4

Action                   |  1- 3 |  4- 6 || total
-------------------------+-------+-------++-------
Melee: Unarmed           |    20 |       ||    20
       Dagger            |    87 |   112 ||   199
 Cast: Pain              |    39 |    42 ||    81
       Animate Skeleton  |     8 |     7 ||    15
  Use: Scroll            |       |     6 ||     6
       Potion            |       |     1 ||     1
 Stab: Sleeping          |       |     2 ||     2
  Eat: Chunk             |    12 |     7 ||    19
Armor: Robe              |    27 |    15 ||    42
Dodge: Dodged            |   100 |    76 ||   176
